 Dungeon Crawl Stone Soup version 0.32-a0-665-g3d30ec2550 (webtiles) character file.

Game seed: 10489796604832271857

4329 shadizar the Thaumaturge (level 10, -15/72 HPs)
             Began as a Djinni Conjurer on Mar 9, 2024.
             Was a Follower of Makhleb.
             Killed from afar by an acid dragon (30 damage)
             ... with a splash of acid
             ... on level 8 of the Dungeon.
             The game lasted 00:12:15 (6920 turns).

shadizar the Thaumaturge (Djinni Conjurer)          Turns: 6920, Time: 00:12:16

Health: -15/72     AC: -1    Str:  6    XL:     10   Next: 59%
Gold:   508        EV: 15    Int: 24    God:    Makhleb [*.....] SH:  0 Dex: 18

rFire   + + .        g - staff of conjuration
rCold   x . .        (no shield)
rNeg    + . .        a - +0 robe
rPois   ∞            (no helmet)
rElec   .            (no cloak)
rCorr   .            h - +0 pair of gloves
SInv    .            (boots unavailable)
Will    +....        k - amulet of regeneration
Stlth   ++           p - +6 ring of dexterity
HPRegen 1.12/turn    i - ring of positive energy
MPRegen 0.00/turn

%: infuse magic (-16 HP)
@: corroded, flying, studying Long Blades
A: sickness immunity, fire resistance 2, cold vulnerability 1, float, innate
caster, HP casting, extra vitality 1
a: Renounce Religion


You were on level 8 of the Dungeon.
You worshipped Makhleb.
Makhleb was aware of your devotion.
You visited 2 branches of the dungeon, and saw 9 of its levels.
You also visited: Ossuary.

You collected 508 gold pieces.

Inventory:

Armour
 a - a +0 robe (worn)
 h - a +0 pair of gloves (worn)
Magical Staves
 g - a staff of conjuration (weapon)
Jewellery
 i - a ring of positive energy (right hand)
 k - an amulet of regeneration (around neck)
 p - a +6 ring of dexterity (left hand)
Wands
 f - a wand of roots (20)
 n - a wand of flame (16)
 w - a wand of paralysis (21)
Scrolls
 b - 2 scrolls of teleportation
 c - 5 scrolls of fog
 m - a scroll of enchant weapon {unknown}
 o - 2 scrolls of identify
 q - 2 scrolls of revelation
Potions
 d - a potion of cancellation
 e - a potion of haste
 j - a potion of brilliance {unknown}
 l - 5 potions of curing
 s - a potion of ambrosia
 v - a potion of mutation {unknown}
 x - a potion of degeneration {unknown}


   Skills:
 + Level 6.2 Fighting
 - Level 5.3 Dodging
 - Level 1.6 Stealth
 + Level 10.5 Spellcasting
 + Level 10.5 Conjurations
 + Level 10.5 Hexes
 + Level 10.5 Summonings
 + Level 10.5 Necromancy
 + Level 10.5 Translocations
 + Level 10.5 Fire Magic
 + Level 10.5 Ice Magic
 + Level 10.5 Air Magic
 + Level 10.5 Earth Magic
 + Level 10.5 Alchemy


You knew the following spells:

 Your Spells              Type           Power      Damage    Failure   Level
a - Magic Dart            Conj           100%       1d8       1%          1
b - Searing Ray           Conj           100%       2d8       1%          2
c - Fulminant Prism       Conj/Alch      38%        3d17      1%          4
d - Iskenderun's Mystic   Conj/Tloc      76%        2d15      1%          4
e - Summon Small Mammal   Summ           100%       N/A       1%          1
f - Ensorcelled Hibernat  Hex/Ice        100%       N/A       1%          2
g - Stone Arrow           Conj/Erth      100%       3d13      1%          3
h - Sigil of Binding      Hex            58%        N/A       1%          3
Your spell library was empty.

Dungeon Overview and Level Annotations

Branches:
Dungeon (8/15)             Temple (1/1) D:7         Ossuary (visited)
   Lair: D:8-11

Altars:
Ashenzari
Cheibriados
Dithmenos
Elyvilon
Fedhas
Gozag
Hepliaklqana
Makhleb
Nemelex Xobeh
Okawaru
Qazlal
Ru
Trog
Uskayaw
Wu Jian
Xom
Yredelemnul
Zin
The Shining One

Shops:
D:5 (   D:8 [

Annotations:
D:6 1 runed translucent door, Konar's ghost, novice CoHu
D:8 exclusion: statue
Temple 2 transporters


Innate Abilities, Weirdness & Mutations

You are immune to sickness and miasma.
You are immune to poison.
Your flesh is very heat resistant. (rF++)
You are vulnerable to cold. (rC-)
You float through the air rather than walking.
You learn spells naturally, not from books.
Your magical power is your life essence.
You have superior vitality. (+4 MHP)


Message History

o - a scroll of identify
Items here: )) [ ††.
Things that are here:
a +0 falchion; an orc corpse
o - 2 scrolls of identify (gained 1)
There is a stone staircase leading up here.
There is an escape hatch in the ceiling here.
There is a stone staircase leading down here.
A centaur comes into view.
You feel a surge of power!
The magic dart hits the centaur but does no damage.
The centaur shouts!
The centaur wields a +0 shortbow.
The centaur shoots an arrow.
The arrow hits you.
You feel a surge of power!
The magic dart hits the centaur!
The centaur is moderately wounded.
The centaur shoots an arrow.
The arrow barely misses you.
The centaur shoots an arrow.
The arrow hits you!
You hear a roar!
You feel a surge of power!
The magic dart hits the centaur.
The centaur is moderately wounded.
The centaur shoots an arrow.
The arrow hits you!
An acid dragon comes into view.
You feel a surge of power!
The magic dart hits the centaur.
The centaur is heavily wounded.
The acid dragon spits acid at you. The splash of acid hits you!
The acid corrodes you!
The centaur shoots an arrow.
The arrow completely misses you.
You feel a surge of power!
The magic dart hits the centaur.
The centaur is heavily wounded.
The centaur shoots an arrow.
The arrow hits you!
Okay, then.
Casting: Magic Dart (safe; 1% risk of failure)
Confirm with . or Enter, or press ? or * to list all spells.
Okay, then.
The centaur shoots an arrow.
The arrow hits you!
* * * LOW HITPOINT WARNING * * *
The acid dragon spits acid at you. The splash of acid hits you!!
You die...

#.............
#.#####.......
###.## #.......
#....####.......
#...............
#....####.......
#####....#
#.......
#####........#
#.......
#......@.....#
########
#............#
#............#
#####........#
..........# ####
.........###
#... .........#
#... .....D...c#
#...
#..........#
#...


You could see an acid dragon (catching breath) and a centaur.

Vanquished Creatures
  A komodo dragon (D:5)
  7 yaks
  An acid dragon (D:5)
  3 water moccasins
  An ice beast (D:8)
  2 black bears
  An orc warrior (D:8)
  4 centaurs
  2 ogres
  3 bullfrogs
  A weeping skull (Ossuary)
  2 gnoll sergeants (D:6)
  2 scorpions (D:5)
  4 wights (D:7)
  2 burial acolytes (Ossuary)
  A centaur zombie (Ossuary)
  2 howler monkeys
  2 human zombies (Ossuary)
  4 hounds
  A gnoll bouda (D:7)
  2 sleepcaps
  3 iguanas
  2 jellies (D:5)
  2 orc wizards
  7 hound zombies (Ossuary)
  2 mummies (Ossuary)
  12 gnolls
  8 adders
  4 shadow imps
  3 white imps
  2 ufetubi (D:5)
  A dart slug (D:3)
  A ribbon worm (D:2)
  16 orcs
  2 endoplasms
  2 giant cockroaches (D:1)
  4 gnoll zombies (Ossuary)
  3 goblins
  2 hobgoblins (D:3)
  4 jackals (D:2)
  2 quokkas
  9 ball pythons
  2 bats (D:1)
  2 frilled lizards
  4 kobolds
  4 orc zombies (Ossuary)
  3 rats
154 creatures vanquished.

Vanquished Creatures (others)
  A gnoll (D:6)
1 creature vanquished.

Grand Total: 155 creatures vanquished

Notes
Turn   | Place    | Note
-------+----------+-------------------------------------------
     0 | D:1      | shadizar the Djinni Conjurer began the quest for the Orb.
     0 | D:1      | shadizar set off with the following spells memorised: Magic
                  | Dart, Searing Ray, Fulminant Prism, Iskenderun's Mystic
                  | Blast.
     0 | D:1      | Reached XP level 1. HP: 15/15 MP: 0/0
   210 | D:1      | Reached XP level 2. HP: 21/21 MP: 0/0
   654 | D:2      | Reached XP level 3. HP: 22/25 MP: 0/0
   654 | D:2      | Learned a level 1 spell: Summon Small Mammal
  1668 | D:3      | Found a faded altar of an unknown god.
  2001 | D:3      | Reached XP level 4. HP: 31/31 MP: 0/0
  2640 | D:4      | Noticed an ogre
  2654 | D:4      | Killed an ogre
  2655 | D:4      | Reached skill level 5 in Spellcasting
  2655 | D:4      | Reached skill level 5 in Conjurations
  2655 | D:4      | Reached skill level 5 in Hexes
  2655 | D:4      | Reached skill level 5 in Summonings
  2655 | D:4      | Reached skill level 5 in Necromancy
  2655 | D:4      | Reached skill level 5 in Translocations
  2655 | D:4      | Reached skill level 5 in Fire Magic
  2655 | D:4      | Reached skill level 5 in Ice Magic
  2655 | D:4      | Reached skill level 5 in Air Magic
  2655 | D:4      | Reached skill level 5 in Earth Magic
  2655 | D:4      | Reached skill level 5 in Alchemy
  2655 | D:4      | Reached XP level 5. HP: 9/35 MP: 0/0
  2655 | D:4      | Learned a level 2 spell: Ensorcelled Hibernation
  2997 | D:4      | Found a sand-covered staircase.
  3002 | Ossuary  | Entered an ossuary
  3002 | Ossuary  | Noticed a weeping skull
  3002 | Ossuary  | Noticed a weeping skull
  3002 | Ossuary  | Noticed a weeping skull
  3050 | Ossuary  | Reached XP level 6. HP: 17/40 MP: 0/0
  3231 | Ossuary  | Reached XP level 7. HP: 37/45 MP: 0/0
  3231 | Ossuary  | Learned a level 3 spell: Stone Arrow
  3833 | D:5      | Entered Level 5 of the Dungeon
  3995 | D:5      | Reached XP level 8. HP: 50/50 MP: 0/0
  4058 | D:5      | Found a sacrificial altar of Ru.
  4139 | D:5      | Noticed a yak
  4147 | D:5      | Killed a yak
  4313 | D:5      | Noticed a komodo dragon
  4318 | D:5      | Killed a komodo dragon
  4319 | D:5      | Reached XP level 9. HP: 51/55 MP: 0/0
  4319 | D:5      | Learned a level 3 spell: Sigil of Binding
  4532 | D:5      | Found Myimuref's Antique Weapon Boutique.
  4850 | D:6      | Reached skill level 1 in Fighting
  5077 | D:6      | Found a glowing golden altar of the Shining One.
  5211 | D:6      | Found a runed translucent door.
  5211 | D:6      | Noticed Konar's ghost (novice CoHu)
  5434 | D:7      | Found a hide-covered altar of Uskayaw.
  5702 | D:7      | Found a staircase to the Ecumenical Temple.
  5715 | Temple   | Found a transporter.
  5715 | Temple   | Found a transporter.
  5715 | Temple   | Found a transporter.
  5715 | Temple   | Found a transporter.
  5715 | Temple   | Entered the Ecumenical Temple
  5735 | Temple   | Became a worshipper of Makhleb the Destroyer
  5833 | D:7      | Reached XP level 10. HP: 63/67 MP: 0/0
  5975 | D:7      | Reached skill level 5 in Dodging
  6178 | D:8      | Reached skill level 10 in Spellcasting
  6178 | D:8      | Reached skill level 10 in Conjurations
  6178 | D:8      | Reached skill level 10 in Hexes
  6178 | D:8      | Reached skill level 10 in Summonings
  6178 | D:8      | Reached skill level 10 in Necromancy
  6178 | D:8      | Reached skill level 10 in Translocations
  6178 | D:8      | Reached skill level 10 in Fire Magic
  6178 | D:8      | Reached skill level 10 in Ice Magic
  6178 | D:8      | Reached skill level 10 in Air Magic
  6178 | D:8      | Reached skill level 10 in Earth Magic
  6178 | D:8      | Reached skill level 10 in Alchemy
  6182 | D:8      | Reached skill level 5 in Fighting
  6190 | D:8      | Reached * piety under Makhleb
  6313 | D:8      | Found Umodaepi's Armour Emporium.
  6920 | D:8      | Killed from afar by an acid dragon

Illustrated notes

Levels and vault maps discovered:
D:1:      pf_arrival_petrified_forest, layout_basic, minivault_24,
          chequers_serial_rivers_small_3
D:2:      layout_basic, chequers_serial_rivers_micro_a
D:3:      layout_basic, ebering_ecumenical_altar_sacrificial
D:4:      layout_basic, enter_ossuary_2, dk_rats_in_the_wall
D:5:      layout_basic, nicolae_ru_sacrificial_ziggurat, serial_shops,
          nicolae_shop_trees, minmay_manual_mandibuliform
D:6:      layout_rooms, tso_metal_star, gammafunk_ghost_grave, glass_columns_c
D:7:      layout_basic, mainiacjoe_overflow_cross_hatched,
          minmay_temple_entry_glass, minmay_stone_trees_small, bh_walls_and_bars
D:8:      layout_basic, vehumet_statue, old_standard_altar,
          grunt_decor_arrowhead, nicolae_take_the_stairs
Temple:   hellmonk_temple_divided_pantheon

Skill      XL: |  1  2  3  4  5  6  7  8  9 10 |
---------------+-------------------------------+-----
Spellcasting   | 4 5 6 7 9 10 | 10.5
Conjurations   | 4 5 6 7 9 10 | 10.5
Hexes          | 4 5 6 7 9 10 | 10.5
Summonings     | 4 5 6 7 9 10 | 10.5
Necromancy     | 4 5 6 7 9 10 | 10.5
Translocations | 4 5 6 7 9 10 | 10.5
Fire Magic     | 4 5 6 7 9 10 | 10.5
Ice Magic      | 4 5 6 7 9 10 | 10.5
Air Magic      | 4 5 6 7 9 10 | 10.5
Earth Magic    | 4 5 6 7 9 10 | 10.5
Alchemy        | 4 5 6 7 9 10 | 10.5
Fighting       | 3 6 |  6.2
Dodging        | 4 5 |  5.3
Stealth        | |  1.6

Action                     |  1- 3 |  4- 6 |  7- 9 | 10-12 || total
---------------------------+-------+-------+-------+-------++-------
   Cast: Magic Dart        |    57 |    62 |   113 |    36 ||   268
         Iskenderun's Myst |       |     4 |    28 |    21 ||    53
         Searing Ray       |       |     6 |       |       ||     6
         Stone Arrow       |       |       |    41 |    19 ||    60
    Use: Potion            |       |     1 |       |       ||     1
         Scroll            |       |       |    15 |       ||    15
 Armour: Robe              |       |    22 |    13 |    20 ||    55
  Dodge: Dodged            |     1 |    11 |     8 |    10 ||    30

Table legend: (Time is in decaauts)
 A = Elapsed time spent in this place.
 B = Non-inter-level travel time spent in this place.
 C = Inter-level travel time spent in this place.
 D = Time resting spent in this place.
 E = Time spent auto-exploring this place.
 F = Levels seen in this place.
 G = Mean time per level.
                   A        B        C        D        E       F      G
               +--------+--------+--------+--------+--------+-----+--------+
         Total |   6917 |   6724 |    193 |      0 |   5333 |  10 |  691.7 |
       Dungeon |   6431 |   6238 |    193 |      0 |   5041 |   8 |  803.9 |
        Temple |     42 |     42 |      0 |      0 |      0 |   1 |   42.0 |
       Ossuary |    443 |    443 |      0 |      0 |    292 |   1 |  443.0 |
               +--------+--------+--------+--------+--------+-----+--------+

Top non-repeatable levels by time:
     D:2: 1029 daAuts
     D:5: 1012 daAuts
     D:4: 936 daAuts
     D:3: 783 daAuts
     D:7: 781 daAuts
     D:8: 703 daAuts
     D:1: 637 daAuts
     D:6: 546 daAuts
 Ossuary: 443 daAuts
  Temple: 42 daAuts
